TOP OF THE 1ST |
University of Oklahoma Sooners batting - Pitching for Mississippi State University Bulldogs : LHP Shi-yu Lou
|
Pitching: LHP Shi-yu Lou
|
|
Batting: RHB Margh Couch
|
0-0: Fly out, F8 (Flyball, 89S, EV 73.8 MPH)
|
Batting: RHB Patrick Pinault
|
0-0: Called Strike 0-1: Bunt missed! 0-2: Strikes out swinging
|
Batting: RHB Connell Boyle Jr.
|
0-0: Ball 1-0: Swinging Strike 1-1: Swinging Strike 1-2: Ball 2-2: Ball 3-2: Ground out 4-3 (Groundball, 4, EV 82.5 MPH)
|
Top of the 1st over - 0 runs, 0 hits, 0 errors, 0 left on base; University of Oklahoma 0 - Mississippi State University 0 |
BOTTOM OF THE 1ST |
Mississippi State University Bulldogs batting - Pitching for University of Oklahoma Sooners : RHP Chris Hupp
|
Pitching: RHP Chris Hupp
|
|
Batting: RHB Bo Mar
|
0-0: Ball 1-0: Called Strike 1-1: Foul Ball, location: 2F 1-2: Ball 2-2: Ball 3-2: Foul Ball, location: 2F 3-2: Strikes out swinging
|
Batting: RHB George Wagner
|
0-0: SINGLE (Line Drive, 5D, EV 94.4 MPH)
|
Batting: LHB Dusty Bryant
|
0-0: Ball 1-0: Ball 2-0: Foul Ball, location: 2F 2-1: Foul Ball, location: 2F 2-2: Foul Ball, location: 2F 2-2: Strikes out looking
|
Batting: SHB Corey Penson
|
0-0: Foul Ball, location: 2F 0-1: SINGLE (Flyball, 5D, EV 98.8 MPH) George Wagner to second George Wagner to third
|
Batting: RHB Kazuki Arai
|
0-0: Ball 1-0: Called Strike 1-1: Ball 2-1: Foul Ball, location: 2F 2-2: Ball 3-2: Ground out 5-3 (Groundball, 5L, EV 87.5 MPH)
|
Bottom of the 1st over - 0 runs, 2 hits, 0 errors, 2 left on base; University of Oklahoma 0 - Mississippi State University 0 |
TOP OF THE 2ND |
University of Oklahoma Sooners batting - Pitching for Mississippi State University Bulldogs : LHP Shi-yu Lou
|
Batting: RHB Carlos Gonzales
|
0-0: Ball 1-0: Foul Ball, location: 2F 1-1: Foul Ball, location: 2F 1-2: Ball 2-2: Ball 3-2: Ground out 6-3 (Groundball, 6, EV 85.6 MPH)
|
Batting: RHB Jesus Montana
|
0-0: SINGLE (Line Drive, 4MD, EV 96.2 MPH)
|
Batting: LHB Mike East
|
0-0: Foul Ball, location: 2F 0-1: Ball 1-1: Swinging Strike 1-2: Ball 2-2: Ball Wild Pitch! Jesus Montana to second 3-2: Fly out, F6 (Popup, 6MS, EV 74.4 MPH)
|
Batting: SHB Cesar Carrasquillo
|
0-0: Called Strike 0-1: Ball 1-1: Ball 2-1: Called Strike 2-2: Foul Ball, location: 2F 2-2: Fly out, F8 (Flyball, 8RD, EV 104.4 MPH)
|
Top of the 2nd over - 0 runs, 1 hit, 0 errors, 1 left on base; University of Oklahoma 0 - Mississippi State University 0 |
BOTTOM OF THE 2ND |
Mississippi State University Bulldogs batting - Pitching for University of Oklahoma Sooners : RHP Chris Hupp
|
Batting: LHB Dave Carlisle
|
0-0: Foul Ball, location: 2F 0-1: Ball 1-1: Called Strike 1-2: Ball 2-2: Ground out 4-3 (Groundball, 4M, EV 85.0 MPH)
|
Batting: RHB Justin Young
|
0-0: Ball 1-0: Fly out, F8 (Flyball, 8RXD, EV 104.4 MPH)
|
Batting: RHB Xiao-shuang Au
|
0-0: Ball 1-0: SINGLE (Groundball, 6MD, EV 97.5 MPH)
|
Batting: LHB Afanasy Zasekin
|
0-0: Called Strike 0-1: Ball 1-1: Foul Ball, location: 2F 1-2: Ball 2-2: Strikes out looking
|
Bottom of the 2nd over - 0 runs, 1 hit, 0 errors, 1 left on base; University of Oklahoma 0 - Mississippi State University 0 |
TOP OF THE 3RD |
University of Oklahoma Sooners batting - Pitching for Mississippi State University Bulldogs : LHP Shi-yu Lou
|
Batting: RHB Roger Pelley
|
0-0: Ball 1-0: Swinging Strike 1-1: Ball 2-1: Ball 3-1: Base on Balls
|
Batting: RHB Josh Lynch
|
0-0: SINGLE (Line Drive, 8LS, EV 106.2 MPH) Roger Pelley to second
|
Batting: RHB Margh Couch
|
0-0: Ball 1-0: Foul Ball, location: 2F 1-1: Fly out, F9 (Flyball, 9, EV 83.1 MPH)
|
Batting: RHB Patrick Pinault
|
0-0: Ball 1-0: Called Strike 1-1: TRIPLE (Flyball, 89XD, EV 97.5 MPH) Roger Pelley scores Josh Lynch scores
|
Batting: RHB Connell Boyle Jr.
|
0-0: SINGLE (Flyball, 89S, EV 96.2 MPH) Patrick Pinault scores
|
Batting: RHB Carlos Gonzales
|
0-0: Called Strike 0-1: Foul Ball, location: 2F 0-2: Ball 1-2: SINGLE (Line Drive, 9S, EV 90.0 MPH) Connell Boyle Jr. to second Runner from 2nd tries for 3rd, SAFE, throw by RF made to third
|
Batting: RHB Jesus Montana
|
0-0: Ball 1-0: Foul Ball, location: 2F 1-1: Ball 2-1: Fly out, F8 (Flyball, 8LD, EV 96.2 MPH) Runner from 3rd tags up, SCORES, throw by CF
|
Batting: LHB Mike East
|
0-0: Called Strike 0-1: Foul Ball, location: 2F 0-2: Foul Ball, location: 2F 0-2: Ball 1-2: Strikes out swinging
|
Top of the 3rd over - 4 runs, 4 hits, 0 errors, 1 left on base; University of Oklahoma 4 - Mississippi State University 0 |
BOTTOM OF THE 3RD |
Mississippi State University Bulldogs batting - Pitching for University of Oklahoma Sooners : RHP Chris Hupp
|
Batting: RHB Bo Mar
|
0-0: Called Strike 0-1: Ball 1-1: Fly out, F8 (Flyball, 8RD, EV 93.1 MPH)
|
Batting: RHB George Wagner
|
0-0: Ball 1-0: Called Strike 1-1: Called Strike 1-2: Foul Ball, location: 2F 1-2: Ball 2-2: Strikes out swinging
|
Batting: LHB Dusty Bryant
|
0-0: Ball 1-0: Ball 2-0: Foul Ball, location: 2F 2-1: Called Strike 2-2: Ground out 4-3 (Groundball, 4M, EV 91.9 MPH)
|
Bottom of the 3rd over - 0 runs, 0 hits, 0 errors, 0 left on base; University of Oklahoma 4 - Mississippi State University 0 |
TOP OF THE 4TH |
University of Oklahoma Sooners batting - Pitching for Mississippi State University Bulldogs : LHP Shi-yu Lou
|
Batting: SHB Cesar Carrasquillo
|
0-0: SINGLE (Line Drive, 8LS, EV 93.1 MPH)
|
Batting: RHB Roger Pelley
|
0-0: Called Strike 0-1: Fly out, F9 (Flyball, 89D, EV 78.8 MPH)
|
Batting: RHB Josh Lynch
|
0-0: Called Strike 0-1: SINGLE (Groundball, 4, EV 99.4 MPH) Cesar Carrasquillo to second
|
Batting: RHB Margh Couch
|
0-0: Reached on error, E5 (Groundball, 5, EV 82.5 MPH) Cesar Carrasquillo to third Josh Lynch to second
|
Batting: RHB Patrick Pinault
|
0-0: Called Strike 0-1: Foul Ball, location: 2F 0-2: Ball 1-2: Ball 2-2: Ball 3-2: Fielders Choice at 2nd, 6-4 (Groundball, 6, EV 101.9 MPH) Cesar Carrasquillo scores Josh Lynch to third
|
Pitching: LHP Jon Lawson
|
|
Batting: RHB Connell Boyle Jr.
|
0-0: Called Strike 0-1: Called Strike 0-2: Foul Ball, location: 2F 0-2: Strikes out swinging
|
Top of the 4th over - 1 run, 2 hits, 1 error, 2 left on base; University of Oklahoma 5 - Mississippi State University 0 |
BOTTOM OF THE 4TH |
Mississippi State University Bulldogs batting - Pitching for University of Oklahoma Sooners : RHP Chris Hupp
|
Batting: SHB Corey Penson
|
0-0: Ball 1-0: Foul Ball, location: 2F 1-1: Foul Ball, location: 2F 1-2: SINGLE (Groundball, 4MD, EV 97.5 MPH)
|
Batting: RHB Kazuki Arai
|
0-0: Called Strike 0-1: Foul Ball, location: 2F 0-2: Ball 1-2: Foul Ball, location: 2F 1-2: Strikes out looking
|
Batting: LHB Dave Carlisle
|
0-0: Ball 1-0: Foul Ball, location: 2F 1-1: Ball 2-1: Swinging Strike 2-2: Fielders Choice at 2nd, 3-6 (Groundball, 3, EV 105.6 MPH)
|
Batting: RHB Justin Young
|
0-0: Foul Ball, location: 2F 0-1: Ball 1-1: Ball 2-1: Fly out, F9 (Flyball, 9, EV 88.8 MPH)
|
Bottom of the 4th over - 0 runs, 1 hit, 0 errors, 1 left on base; University of Oklahoma 5 - Mississippi State University 0 |
TOP OF THE 5TH |
University of Oklahoma Sooners batting - Pitching for Mississippi State University Bulldogs : LHP Jon Lawson
|
Batting: RHB Carlos Gonzales
|
0-0: Ball 1-0: Swinging Strike 1-1: Foul Ball, location: 2F 1-2: Strikes out swinging
|
Batting: RHB Jesus Montana
|
0-0: Called Strike 0-1: Called Strike 0-2: Foul Ball, location: 2F 0-2: Ball 1-2: DOUBLE (Line Drive, 9LS, EV 106.9 MPH)
|
Batting: LHB Mike East
|
0-0: Called Strike 0-1: Ball 1-1: Ball 2-1: Fly out, F8 (Line Drive, 8RD, EV 108.8 MPH)
|
Batting: SHB Cesar Carrasquillo
|
0-0: Fly out, F9 (Flyball, 9LS, EV 83.8 MPH)
|
Top of the 5th over - 0 runs, 1 hit, 0 errors, 1 left on base; University of Oklahoma 5 - Mississippi State University 0 |
BOTTOM OF THE 5TH |
Mississippi State University Bulldogs batting - Pitching for University of Oklahoma Sooners : RHP Chris Hupp
|
Batting: RHB Xiao-shuang Au
|
0-0: Called Strike 0-1: Ball 1-1: Ball 2-1: Ball 3-1: Called Strike 3-2: SINGLE (Groundball, 6MD, EV 94.4 MPH)
|
Batting: LHB Afanasy Zasekin
|
0-0: Ball 1-0: Foul Ball, location: 2F 1-1: Ball 2-1: Called Strike 2-2: Strikes out swinging
|
Pitching: LHP Jim Longley
|
|
Batting: RHB Bo Mar
|
0-0: Called Strike 0-1: Fielders Choice at 2nd, 5-4 (Groundball, 5S, EV 92.5 MPH)
|
Batting: RHB George Wagner
|
0-0: Ball Pickoff Throw to First - Error! E1 Bo Mar to second 1-0: Called Strike 1-1: Ball 2-1: Called Strike 2-2: Foul Ball, location: 2F 2-2: Foul Ball, location: 2F 2-2: Strikes out swinging
|
Bottom of the 5th over - 0 runs, 1 hit, 1 error, 1 left on base; University of Oklahoma 5 - Mississippi State University 0 |
TOP OF THE 6TH |
University of Oklahoma Sooners batting - Pitching for Mississippi State University Bulldogs : LHP Jon Lawson
|
Batting: RHB Roger Pelley
|
0-0: Called Strike 0-1: Foul Ball, location: 2F 0-2: Strikes out swinging
|
Batting: RHB Josh Lynch
|
0-0: Ball 1-0: Called Strike 1-1: Ball 2-1: Swinging Strike 2-2: DOUBLE (Line Drive, 78D, EV 108.8 MPH)
|
Batting: RHB Margh Couch
|
0-0: Foul Ball, location: 2F 0-1: Ball 1-1: Foul Ball, location: 2F 1-2: Foul Ball, location: 2F 1-2: Ball Wild Pitch! Josh Lynch to third 2-2: Ground out 4-3 (Groundball, 4, EV 86.2 MPH) Josh Lynch scores
|
Batting: RHB Patrick Pinault
|
0-0: Fly out, F8 (Line Drive, 8LD, EV 101.2 MPH)
|
Top of the 6th over - 1 run, 1 hit, 0 errors, 0 left on base; University of Oklahoma 6 - Mississippi State University 0 |
BOTTOM OF THE 6TH |
Mississippi State University Bulldogs batting - Pitching for University of Oklahoma Sooners : LHP Jim Longley
|
Batting: LHB Dusty Bryant
|
0-0: Ball 1-0: Foul Ball, location: 2F 1-1: Ball 2-1: Foul Ball, location: 2F 2-2: Strikes out looking
|
Batting: SHB Corey Penson
|
0-0: Called Strike 0-1: Ball 1-1: Foul Ball, location: 2F 1-2: Ball 2-2: Foul Ball, location: 2F 2-2: Foul Ball, location: 2F 2-2: Ball 3-2: DOUBLE (Line Drive, 89XD, EV 105.0 MPH)
|
Batting: RHB Kazuki Arai
|
0-0: Called Strike 0-1: Foul Ball, location: 2F 0-2: Strikes out looking
|
Batting: LHB Dave Carlisle
|
0-0: Called Strike 0-1: SINGLE (Groundball, 15S, EV 70.6 MPH) (infield hit) Corey Penson to third
|
Batting: RHB Justin Young
|
0-0: Foul Ball, location: 2F 0-1: Foul Ball, location: 2F 0-2: Strikes out looking
|
Bottom of the 6th over - 0 runs, 2 hits, 0 errors, 2 left on base; University of Oklahoma 6 - Mississippi State University 0 |
TOP OF THE 7TH |
University of Oklahoma Sooners batting - Pitching for Mississippi State University Bulldogs : LHP Jon Lawson
|
Batting: RHB Connell Boyle Jr.
|
0-0: Foul Ball, location: 2F 0-1: Ball 1-1: Ball 2-1: Ball 3-1: Foul Ball, location: 2F 3-2: Base on Balls
|
Batting: RHB Carlos Gonzales
|
0-0: Ball 1-0: Fielders Choice at 2nd, 1-6 (Groundball, 34S, EV 68.8 MPH)
|
Batting: RHB Jesus Montana
|
0-0: Called Strike 0-1: Ball 1-1: Ball 2-1: Ball 3-1: Foul Ball, location: 2F 3-2: Fly out, F7 (Flyball, 7LS, EV 90.6 MPH)
|
Batting: LHB Mike East
|
0-0: Ball 1-0: Swinging Strike 1-1: Swinging Strike 1-2: Strikes out swinging
|
Top of the 7th over - 0 runs, 0 hits, 0 errors, 1 left on base; University of Oklahoma 6 - Mississippi State University 0 |
BOTTOM OF THE 7TH |
Mississippi State University Bulldogs batting - Pitching for University of Oklahoma Sooners : LHP Jim Longley
|
Batting: RHB Xiao-shuang Au
|
0-0: Ball 1-0: Called Strike 1-1: Called Strike 1-2: Strikes out swinging
|
Pitching: RHP Phil Kellum
|
|
Batting: LHB Afanasy Zasekin
|
0-0: Ball 1-0: Foul Ball, location: 2F 1-1: Swinging Strike 1-2: Ball 2-2: Strikes out swinging
|
Pinch Hitting: RHB Mike Bearden
|
0-0: Foul Ball, location: 2F 0-1: Fly out, F8 (Line Drive, 8RD, EV 101.2 MPH)
|
Bottom of the 7th over - 0 runs, 0 hits, 0 errors, 0 left on base; University of Oklahoma 6 - Mississippi State University 0 |
TOP OF THE 8TH |
University of Oklahoma Sooners batting - Pitching for Mississippi State University Bulldogs : LHP Jon Lawson
|
Now at 2B: Francisco de la Torre
|
|
Batting: SHB Cesar Carrasquillo
|
0-0: Ball 1-0: Ball 2-0: Called Strike 2-1: Fly out, F8 (Flyball, 8RXD, EV 80.6 MPH)
|
Batting: RHB Roger Pelley
|
0-0: Ball 1-0: Foul Ball, location: 2F 1-1: DOUBLE (Line Drive, 7LM, EV 109.4 MPH)
|
Pitching: RHP Andrew Giles
|
|
Batting: RHB Josh Lynch
|
0-0: Called Strike 0-1: Ball 1-1: Foul Ball, location: 2F 1-2: Ball 2-2: Ground out 4-3 (Groundball, 4, EV 109.4 MPH) Roger Pelley to third
|
Batting: RHB Margh Couch
|
0-0: Ground out 1-3 (Groundball, 23, EV 67.5 MPH)
|
Top of the 8th over - 0 runs, 1 hit, 0 errors, 1 left on base; University of Oklahoma 6 - Mississippi State University 0 |
BOTTOM OF THE 8TH |
Mississippi State University Bulldogs batting - Pitching for University of Oklahoma Sooners : RHP Phil Kellum
|
Pinch Hitting: LHB Rich Matthews
|
0-0: Ball 1-0: DOUBLE (Line Drive, 9LM, EV 108.1 MPH)
|
Batting: LHB Dusty Bryant
|
0-0: Ball 1-0: Swinging Strike 1-1: Foul Ball, location: 2F 1-2: 2-RUN HOME RUN (Flyball, 89XD, EV 101.2 MPH), Distance : 410 ft
|
Batting: SHB Corey Penson
|
0-0: Ball 1-0: Foul Ball, location: 2F 1-1: Foul Ball, location: 2F 1-2: Foul Ball, location: 2F 1-2: Ball 2-2: Foul Ball, location: 2F 2-2: Ball 3-2: Ground out 4-3 (Groundball, 4, EV 112.5 MPH)
|
Batting: RHB Kazuki Arai
|
0-0: Foul Ball, location: 2F 0-1: Ball 1-1: Hit by Pitch
|
Batting: LHB Dave Carlisle
|
0-0: SINGLE (Groundball, 4M, EV 96.9 MPH) Kazuki Arai to second
|
Batting: RHB Justin Young
|
0-0: Grounds into double play, 5-4-3 (Groundball, 56, EV 90.0 MPH)
|
Bottom of the 8th over - 2 runs, 3 hits, 0 errors, 1 left on base; University of Oklahoma 6 - Mississippi State University 2 |
TOP OF THE 9TH |
University of Oklahoma Sooners batting - Pitching for Mississippi State University Bulldogs : RHP Andrew Giles
|
Now in CF: Rich Matthews
|
|
Batting: RHB Patrick Pinault
|
0-0: Swinging Strike 0-1: Ground out 5-3 (Groundball, 56, EV 82.5 MPH)
|
Batting: RHB Connell Boyle Jr.
|
0-0: Ball 1-0: Ball 2-0: Ball 3-0: Called Strike 3-1: Foul Ball, location: 2F 3-2: Strikes out looking
|
Batting: RHB Carlos Gonzales
|
0-0: SINGLE (Groundball, 5S, EV 66.9 MPH) (infield hit)
|
Batting: RHB Jesus Montana
|
0-0: Fly out, F4 (Line Drive, 4, EV 74.4 MPH)
|
Top of the 9th over - 0 runs, 1 hit, 0 errors, 1 left on base; University of Oklahoma 6 - Mississippi State University 2 |
BOTTOM OF THE 9TH |
Mississippi State University Bulldogs batting - Pitching for University of Oklahoma Sooners : RHP Phil Kellum
|
Pitching: RHP Ross Ratcliffe
|
|
Pinch Hitting: RHB Aaron Barraza
|
0-0: Called Strike 0-1: Fly out, F7 (Flyball, 7S, EV 93.8 MPH)
|
Pinch Hitting: RHB Bryan Payne
|
0-0: Called Strike 0-1: Ball 1-1: Swinging Strike 1-2: Ball 2-2: Ball 3-2: Foul Ball, location: 2F 3-2: Strikes out looking
|
Pinch Hitting: RHB Alain Marquet
|
0-0: Ball 1-0: Ball 2-0: Called Strike 2-1: Ground out 5-3 (Groundball, 5, EV 93.1 MPH)
|
Bottom of the 9th over - 0 runs, 0 hits, 0 errors, 0 left on base; University of Oklahoma 6 - Mississippi State University 2 |
|